 Dungeon Crawl Stone Soup version 0.20.1-1-g8b1a95d66d (webtiles) character file.

79 Peloso the Shield-Bearer (level 4, -12/31 HPs)
             Began as a Halfling Fighter on Dec 3, 2017.
             Killed from afar by Ijyb (22 damage)
             ... with a wand of lightning (?/15)
             ... on level 3 of the Dungeon.
             The game lasted 00:03:25 (1821 turns).

Peloso the Shield-Bearer (Halfling Fighter)         Turns: 1821, Time: 00:03:26

Health: -12/31     AC:  7    Str: 23    XL:     4   Next: 62%
Magic:  4/4        EV:  9    Int:  6    God:
Gold:   67         SH: 10    Dex: 13    Spells: 3/3 levels left

rFire    . . .     SeeInvis .   a - +0 long sword
rCold    . . .     Gourm    .   c - +0 shield
rNeg     . . .     Faith    .   b - +0 scale mail
rPois    .         Spirit   .   (no helmet)
rElec    .         Reflect  .   (no cloak)
rCorr    .         Harm     .   (no gloves)
MR       .....                  (no boots)
Stlth    ..........             (no amulet)
Regen    0.1/turn               (no ring)
MPRegen  0.1/turn               (no ring)

@: mighty
A: mutation resistance 1
a: no special abilities


You were on level 3 of the Dungeon.
You were very hungry.

You visited 1 branch of the dungeon, and saw 3 of its levels.

You collected 67 gold pieces.

Inventory:

Hand Weapons
 a - a +0 long sword (weapon)
Armour
 b - a +0 scale mail (worn)
 c - a +0 shield (worn)
Scrolls
 e - 2 scrolls of enchant armour {unknown}
 g - 3 scrolls of identify {unknown}
 h - 4 scrolls of remove curse {unknown}
 i - a scroll of recharging {unknown}
 k - 3 scrolls of fear {unknown}
 m - a scroll of teleportation {unknown}
Potions
 d - 2 potions of might
 j - a potion of magic {unknown}
 l - a potion of mutation {unknown}
 n - 2 potions of flight {unknown}
Comestibles
 f - 2 bread rations


   Skills:
 + Level 3.0 Fighting
 + Level 2.8 Long Blades
 + Level 3.9 Armour
 + Level 0.2 Dodging
 + Level 4.1 Shields


You had 3 spell levels left.
You didn't know any spells.

Dungeon Overview and Level Annotations

Branches:
Dungeon (3/15)

Altars:
Cheibriados

Annotations:
D:3 Ijyb


Innate Abilities, Weirdness & Mutations

You are small and have problems with some larger weapons.
You are somewhat resistant to further mutation.


Message History

The adder closely misses you.
You riposte.
You slash the adder!
You kill the adder!
Unknown command.
You start resting.
You are feeling very hungry.
You start resting.
HP restored.
There is an open door here.
There is an open door here.
There is an escape hatch in the floor here.
You slide downwards.
The hatch slams shut behind you.
Level annotation: Ijyb Ijyb hits you but does no damage.
Ijyb zaps a wand.
The bolt of lightning hits you!
Ouch! That really hurt!
You feel very mighty all of a sudden. Ijyb hits you but does no damage.
You closely miss Ijyb.
Ijyb zaps a wand.
The bolt of lightning hits you!
Ouch! That really hurt!
You die...

#........####.<##
.........# ##.†#
.......<.# ##.#
.........# ##.#.#
.#.##...## #....
....#.....##..##.#
.. ........<.# ..
........g## ###
........@.#
...........#
.........#
.........#
.........#
........##
##.....## ######


You could see Ijyb.

Vanquished Creatures
  3 adders (D:2)
  An ooze (D:1)
  3 dart slugs
  2 leopard geckos (D:2)
  3 bats
  2 giant cockroaches (D:2)
  6 goblins
  4 hobgoblins
  2 ball pythons (D:2)
  5 frilled lizards
  5 kobolds
  6 rats
42 creatures vanquished.

Vanquished Creatures (others)
  A goblin (D:3)
1 creature vanquished.

Grand Total: 43 creatures vanquished

Notes
Turn   | Place    | Note
-------+----------+-------------------------------------------
     0 | D:1      | Peloso the Halfling Fighter began the quest for the Orb.
     0 | D:1      | Reached XP level 1. HP: 15/15 MP: 1/1
    52 | D:1      | Reached XP level 2. HP: 20/20 MP: 2/2
   296 | D:1      | Reached XP level 3. HP: 20/25 MP: 3/3
   668 | D:2      | Reached skill level 4 in Shields
   778 | D:2      | Reached XP level 4. HP: 29/30 MP: 4/4
   992 | D:2      | Found a snail-covered altar of Cheibriados.
  1393 | D:3      | Noticed Ijyb
  1821 | D:3      | Killed from afar by Ijyb

Skill      XL: |  1  2  3  4 |
---------------+-------------+-----
Shields        | 4 |  4.1
Fighting       | 3 |  3.0
Long Blades    | |  2.8
Armour         | |  3.9
Dodging        | |  0.2

Action                   |  1- 3 |  4- 6 || total
-------------------------+-------+-------++-------
Melee: Long sword        |    93 |    47 ||   140
  Use: Potion            |       |     1 ||     1
  Eat: Chunk             |       |     2 ||     2
Armor: Scale mail        |    43 |    13 ||    56
Dodge: Dodged            |    36 |    15 ||    51
Block: Shield            |    66 |    22 ||    88
       Rpst.: Long sword |    13 |     2 ||    15
